 Dungeon Crawl Stone Soup version 0.29-a0-352-g0917bc69df (webtiles) character file.

Game seed: 5469264778143120443

6630 spaghetti the Geomancer (level 11, 13/81 HPs)
             Began as a Gnoll Wanderer on Apr 24, 2022.
             Was an Elder of Cheibriados.
             Quit the game on level 1 of the Lair of Beasts.
             The game lasted 00:15:53 (10692 turns).

spaghetti the Geomancer (Gnoll Wanderer)           Turns: 10692, Time: 00:15:54

Health: 13/81      AC:  7    Str: 24    XL:     11   Next: 2%
Magic:  0/22       EV: 18    Int: 31    God:    Cheibriados [****..]
Gold:   464        SH:  0    Dex: 17    Spells: 21/25 levels left

rFire   . . .      SeeInvis +   b - +3 trident of Watchfulness {drain, rC+ Will+ SInv Stlth+, polearm}
rCold   + . .      Faith    .   (no shield)
rNeg    . . .      Spirit   .   C - +0 ring mail
rPois   .          Reflect  .   (no helmet)
rElec   .          Harm     .   (no cloak)
rCorr   .          Rampage  .   (no gloves)
Will    +....                   I - +0 pair of boots
Stlth   ++++......              c - amulet of the acrobat
HPRegen 0.23/turn               w - +4 ring of evasion
MPRegen 0.18/turn               e - +6 ring of intelligence

@: lethally poisoned (13 -> -13), very slow
A: fangs 1, strong nose, distributed training
a: Renounce Religion, Bend Time, Temporal Distortion, Slouch


You were on level 1 of the Lair of Beasts.
You worshipped Cheibriados.
Cheibriados was greatly pleased with you.
You visited 3 branches of the dungeon, and saw 11 of its levels.

You collected 1283 gold pieces.
You spent 819 gold pieces at shops.


Innate Abilities, Weirdness & Mutations

You have very sharp teeth.
Your uncanny sense of smell can sniff out nearby items.
Your experience applies equally to all skills.


   Skills:
 + Level 5.8 Fighting
 + Level 5.8 Short Blades
 + Level 5.8 Long Blades
 + Level 5.8 Axes
 + Level 5.8 Maces & Flails
 + Level 5.8 Polearms
 + Level 5.8 Staves
 + Level 5.8 Slings
 + Level 7.5 Bows
 + Level 5.8 Crossbows
 + Level 6.4 Throwing
 + Level 6.4 Armour
 + Level 5.8 Dodging
 + Level 5.8 Stealth
 + Level 5.8 Shields
 + Level 5.8 Unarmed Combat
 + Level 7.8 Spellcasting
 + Level 4.8 Conjurations
 + Level 4.8 Hexes
 + Level 4.8 Summonings
 + Level 4.8 Necromancy
 + Level 4.8 Translocations
 + Level 4.8 Transmutations
 + Level 4.8 Fire Magic
 + Level 4.8 Ice Magic
 + Level 4.8 Air Magic
 + Level 8.7 Earth Magic
 + Level 4.8 Poison Magic
 + Level 6.4 Invocations
 + Level 5.8 Evocations


You had 21 spell levels left.
You knew the following spells:

 Your Spells              Type           Power      Damage    Failure   Level
a - Sandblast             Erth           100%       2d20      1%          1
b - Stone Arrow           Conj/Erth      100%       3d13      1%          3

Your spell library contained the following spells:

 Spells                   Type           Power      Damage    Failure   Level
 Blink                    Tloc           84%        N/A       1%          2
 Ensorcelled Hibernation  Hex/Ice        84%        N/A       1%          2
 Lesser Beckoning         Tloc           42%        N/A       2%          3
 Spider Form              Tmut/Pois      42%        N/A       2%          3
 Anguish                  Hex/Necr       21%        N/A       9%          4
 Manifold Assault         Tloc           42%        N/A       22%         5

Inventory:

Hand Weapons
 a - a +2 shortbow {bow}
 b - the +3 trident of Watchfulness (weapon) {drain, rC+ Will+ SInv Stlth+, polearm}
   (You found it on level 5 of the Dungeon)

   A truly terrible weapon, it drains the life of any living foe it strikes.
   rC:        It protects you from cold.
   SInv:      It lets you see invisible.
   Will:      It increases your willpower.
   Stlth:     It makes you more stealthy.
 k - a +0 broad axe of protection {axe}
   (You found it on level 8 of the Dungeon)
 B - a +4 falchion {long}
   (You found it on level 5 of the Dungeon)
Missiles
 d - 2 poisoned darts {throwing}
 g - 5 boomerangs (quivered) {throwing}
 m - 6 javelins {throwing}
 r - 4 throwing nets {=f!fthrowing}
 v - 117 stones {throwing}
 G - 5 curare-tipped darts {=fthrowing}
Armour
 C - a +0 ring mail (worn)
 I - a +0 pair of boots (worn)
   (You found it on level 7 of the Dungeon)
Magical Staves
 h - a staff of cold {!astaff}
   (You found it on level 1 of the Dungeon)
 z - a staff of death {!astaff}
   (You found it on level 5 of the Dungeon)
Jewellery
 c - an amulet of the acrobat (around neck)
   (You found it on level 7 of the Dungeon)
 e - a +6 ring of intelligence (right hand)
   (You bought it in a shop on level 8 of the Dungeon)
 w - a +4 ring of evasion (left hand)
   (You found it on level 4 of the Dungeon)
 x - a ring of fire
   (You found it on level 4 of the Dungeon)
Wands
 y - a wand of paralysis (11)
   (You took it off Ijyb on level 5 of the Dungeon)
Scrolls
 i - 5 scrolls of immolation {!r!r}
 j - 6 scrolls of teleportation {@r4}
 l - 2 scrolls of noise {!r}
 u - a scroll of holy word
 A - a scroll of fog
 E - 3 scrolls of enchant armour
 F - a scroll of silence {!r}
Potions
 p - 2 potions of flight
 s - 3 potions of haste {forbidden@q3}

Dungeon Overview and Level Annotations

Branches:
Dungeon (9/15)             Temple (1/1) D:5            Lair (1/6) D:8
    Orc: D:9-12

Altars:
Cheibriados
Dithmenos
Elyvilon
Fedhas
Hepliaklqana
Makhleb
Nemelex Xobeh
Okawaru
Qazlal
Ru
Sif Muna
Uskayaw
Vehumet
Wu Jian
Xom
The Shining One

Shops:
D:2 *   D:8 =

Annotations:
D:6 1 runed translucent door, NateTC's ghost, novice DECj

................
...............
#..............
#....####..#... ####
#...##...#####. #...
#...##......##.
#...###...##......##.
#...+S.†...#......##.
+@#....+.......##.
#.###...##......##. #..
#...######.###.
....†......#####†###.
........†.............
........................
........................
............#####P####..
.........# ## ##..


You could see a black mamba (paralysed).


Message History

😮 HP[-20] MP[-1]
You take 20 damage, and now have 58/81 hp.
MASSIVE DAMAGE!! (PAUSE)
You lost 1 mp, and now have 1/22 mp.
Unknown command.
The wolf attacks as you move away! The wolf closely misses you.
The wolf attacks as you move away! The wolf bites you. The wolf misses you.
The wolf completely misses you. 😮 HP[-2] MP[+1]
You take 2 damage, and now have 56/81 hp.
You barely miss the wolf. You bite the wolf.
The wolf bites you but does no damage.
The wolf completely misses you. 😮 HP[+1]
You miss the wolf. The wolf misses you.
You closely miss the wolf. The wolf bites you! The wolf misses you. 😮 HP[-7]
You take 7 damage, and now have 50/81 hp.
Casting: Sandblast (safe; 1% risk of failure)
Confirm with . or Enter, or press ? or * to list all spells.
Aiming: Sandblast (safe; 1% risk of failure)
Press: ? - help, Shift-Dir - straight line, f - wolf
Aim: a wolf (lightly wounded, 73% to hit)
The blast of sand hits the wolf!!
You kill the wolf!
Cheibriados thoroughly appreciates the change of pace.
v - 119 stones {throwing} The black mamba bites you!
You are poisoned.
The black mamba poisons you! 😮 HP[-9] MP[-1]
You take 9 damage, and now have 41/81 hp.
You lost 1 mp, and now have 1/22 mp.
Casting: Sandblast (safe; 1% risk of failure)
Confirm with . or Enter, or press ? or * to list all spells.
Aiming: Sandblast (safe; 1% risk of failure)
Press: ? - help, Shift-Dir - straight line, f - black mamba
Aim: a black mamba (73% to hit)
The blast of sand misses the black mamba.
v - 118 stones {throwing} You feel very sick.
The black mamba bites you.
* * * LOW HITPOINT WARNING * * *
The black mamba barely misses you. 😨 HP[-5]
You take 5 damage, and now have 36/81 hp.
Casting: Sandblast (safe; 1% risk of failure)
Confirm with . or Enter, or press ? or * to list all spells.
Aiming: Sandblast (safe; 1% risk of failure)
Press: ? - help, Shift-Dir - straight line, f/p - black mamba
Aim: a black mamba (73% to hit)
The blast of sand hits the black mamba!!
v - 117 stones {throwing} You feel very sick.
The black mamba closely misses you. The black mamba bites you!
* * * LOW HITPOINT WARNING * * *
You are lethally poisoned!
The black mamba poisons you! 😨 HP[-12] MP[-1]
You take 12 damage, and now have 24/81 hp.
You lost 1 mp, and now have 0/22 mp.
Okay, then.
Okay, then.
Okay, then.
Okay, then.
Okay, then.
Aiming: Paralyse
Press: ? - help, Shift-Dir - straight line, f/p - black mamba
Aim: a black mamba (heavily wounded, chance to affect: 63%)
The black mamba suddenly stops moving!
* * * LOW HITPOINT WARNING * * *
You feel very sick. 😱 HP[-6]
You take 6 damage, and now have 18/81 hp.
Aiming: Paralyse
Press: ? - help, Shift-Dir - straight line, f/p - black mamba
Aim: a black mamba (heavily wounded, paralysed, chance to affect: 63%) Nothing appears to happen.
* * * LOW HITPOINT WARNING * * *
You feel very sick. 😱 HP[-5]
You take 5 damage, and now have 13/81 hp.
Okay, then.
You are lethally poisoned (13 -> -13).
Your movement speed is very slow.
Your attack delay is about 1.0.
Your base attributes are Str 15, Int 16, Dex 8.
Unknown command.
Okay, then.
Okay, then. 🤖 Initializing magus.rc ...
Options error: Delay interrupt name "hungry" not recognised. (~/.crawlrc:4761) Options error: Bad monster_list_colour key: strict_neutral (~/.crawlrc:4776) ✅ Successfully initialized magus.rc [v1.9.6] Welcome back, spaghetti the Gnoll Wanderer.
Cheibriados says: Take it easy.
Press ? for a list of commands and other information.
Okay, then.
You are lethally poisoned (13 -> -13).
Your movement speed is very slow.
Your attack delay is about 1.0.
Your base attributes are Str 15, Int 16, Dex 8.
Are you sure you want to abandon this character and quit the game? (Confirm with "yes".)

Skill      XL: |  1  2  3  4  5  6  7  8  9 10 |
---------------+-------------------------------+-----
Spellcasting   | 5 6 7 |  7.8
Invocations    | 1 2 3 4 5 6 |  6.4
Fighting       | 1 2 3 4 5 |  5.8
Short Blades   | 1 2 3 4 5 |  5.8
Long Blades    | 1 2 3 4 5 |  5.8
Axes           | 1 2 3 4 5 |  5.8
Maces & Flails | 1 2 3 4 5 |  5.8
Polearms       | 1 2 3 4 5 |  5.8
Staves         | 1 2 3 4 5 |  5.8
Slings         | 1 2 3 4 5 |  5.8
Crossbows      | 1 2 3 4 5 |  5.8
Dodging        | 1 2 3 4 5 |  5.8
Stealth        | 1 2 3 4 5 |  5.8
Shields        | 1 2 3 4 5 |  5.8
Unarmed Combat | 1 2 3 4 5 |  5.8
Evocations     | 1 2 3 4 5 |  5.8
Conjurations   | 1 2 3 4 |  4.8
Hexes          | 1 2 3 4 |  4.8
Summonings     | 1 2 3 4 |  4.8
Necromancy     | 1 2 3 4 |  4.8
Translocations | 1 2 3 4 |  4.8
Transmutations | 1 2 3 4 |  4.8
Fire Magic     | 1 2 3 4 |  4.8
Ice Magic      | 1 2 3 4 |  4.8
Air Magic      | 1 2 3 4 |  4.8
Poison Magic   | 1 2 3 4 |  4.8
Throwing       | 3 4 5 6 |  6.4
Armour         | 3 4 5 6 |  6.4
Bows           | 5 6 7 |  7.5
Earth Magic    | 8 |  8.7

Action                   |  1- 3 |  4- 6 |  7- 9 | 10-12 || total
-------------------------+-------+-------+-------+-------++-------
Melee: Staff             |       |       |     9 |       ||     9
       Trident           |       |       |   216 |   158 ||   374
       Bite              |       |       |    18 |    14 ||    32
       Punch             |       |       |     6 |     4 ||    10
 Fire: Shortbow          |       |    45 |    64 |       ||   109
Throw: Boomerang         |       |       |       |    16 ||    16
 Cast: Sandblast         |    40 |    37 |     4 |     4 ||    85
       Stone Arrow       |       |     9 |    31 |    26 ||    66
Invok: Bend Time         |       |       |       |     1 ||     1
Evoke: Wand              |       |       |     1 |     2 ||     3
  Use: Potion            |       |       |    10 |     7 ||    17
       Scroll            |       |       |       |    13 ||    13
 Stab: Paralysed         |       |       |     5 |       ||     5
       Sleeping          |       |       |     4 |     3 ||     7
Armor: Ring mail         |     7 |     7 |    78 |    47 ||   139
Dodge: Dodged            |     4 |    24 |   241 |   240 ||   509

Levels and vault maps discovered:
D:1:      dpeg_arrival_arbitrary_c, layout_basic, minmay_tetromino_i2
D:2:      layout_loops_cross, basic_altar, dreamdust_ecumenical_altar_grove,
          serial_shops, nicolae_shop_trees
D:3:      layout_loops_ring, mainiacjoe_overflow_tiny_flanked, uniq_terence,
          uniq_natasha
D:4:      layout_loops_cross, general_overflow_altar
D:5:      layout_basic, mainiacjoe_overflow_cross_hatched,
          kennysheep_little_box, mainiacjoe_overflow_two_lobes, temple_statues,
          uniq_prince_ribbit1, uniq_ijyb
D:6:      layout_loops_ring, gup_sewer_entry_bubbles, ebering_ghost_xom,
          hangedman_decor_push
D:7:      layout_loops_ring, minmay_quadrilaterals, uniq_pikel, uniq_menkaure
D:8:      layout_cave_pods, lemuel_crystal_altar, lair_entry_dummy,
          serial_shops, shop
D:9:      layout_long_grid, lemuel_tele_altar, grunt_ashenzari_visionary
          [grunt_ashenzari_visionary_swamp, grunt_ashenzari_visionary_snake],
          eino_house_with_fridge, uniq_psyche
Temple:   cyrus_circular_temple
Lair:1:   layout_regular_city, minivault_19

Notes
Turn   | Place    | Note
-------+----------+-------------------------------------------
     0 | D:1      | spaghetti the Gnoll Wanderer began the quest for the Orb.
     0 | D:1      | spaghetti set off with the following items: a +2 shortbow
                  | {bow}, a +0 ring mail, a potion of berserk rage {!q}, 36
                  | stones {throwing}; and the following spell memorised:
                  | Sandblast; and the following spells available to memorise:
                  | Stone Arrow
     0 | D:1      | Reached XP level 1. HP: 13/13 MP: 6/6
     0 | D:1      | magus.rc [v1.9.6]
   161 | D:1      | Reached XP level 2. HP: 19/19 MP: 4/7
   538 | D:1      | You pick up a book of Spatial Translocations and begin
                  | reading...
   538 | D:1      | You add the spells Blink, Lesser Beckoning and Manifold
                  | Assault to your library.
   956 | D:2      | Found a faded altar of an unknown god.
   994 | D:2      | Reached XP level 3. HP: 25/25 MP: 7/9
   997 | D:2      | Reached skill level 5 in Spellcasting
  1166 | D:2      | Reached skill level 1 in Invocations
  1220 | D:2      | Found Etiam's Assorted Antiques.
  1326 | D:2      | Reached skill level 1 in Fighting
  1326 | D:2      | Reached skill level 1 in Short Blades
  1326 | D:2      | Reached skill level 1 in Long Blades
  1326 | D:2      | Reached skill level 1 in Axes
  1326 | D:2      | Reached skill level 1 in Maces & Flails
  1326 | D:2      | Reached skill level 1 in Polearms
  1326 | D:2      | Reached skill level 1 in Staves
  1326 | D:2      | Reached skill level 1 in Slings
  1326 | D:2      | Reached skill level 1 in Crossbows
  1326 | D:2      | Reached skill level 1 in Dodging
  1326 | D:2      | Reached skill level 1 in Stealth
  1326 | D:2      | Reached skill level 1 in Shields
  1326 | D:2      | Reached skill level 1 in Unarmed Combat
  1326 | D:2      | Reached skill level 1 in Evocations
  1426 | D:2      | Reached XP level 4. HP: 32/32 MP: 8/11
  1566 | D:2      | Found a burning altar of Makhleb.
  1623 | D:3      | Reached skill level 1 in Conjurations
  1623 | D:3      | Reached skill level 1 in Hexes
  1623 | D:3      | Reached skill level 1 in Summonings
  1623 | D:3      | Reached skill level 1 in Necromancy
  1623 | D:3      | Reached skill level 1 in Translocations
  1623 | D:3      | Reached skill level 1 in Transmutations
  1623 | D:3      | Reached skill level 1 in Fire Magic
  1623 | D:3      | Reached skill level 1 in Ice Magic
  1623 | D:3      | Reached skill level 1 in Air Magic
  1623 | D:3      | Reached skill level 1 in Poison Magic
  1742 | D:3      | Found a shimmering blue altar of Sif Muna.
  1782 | D:3      | Reached XP level 5. HP: 37/37 MP: 10/12
  1816 | D:3      | You fall into a shaft and drop 2 floors!
  1816 | D:5      | Entered Level 5 of the Dungeon
  1981 | D:4      | Noticed a centaur
  1985 | D:4      | Killed a centaur
  1986 | D:4      | Reached skill level 3 in Throwing
  1986 | D:4      | Reached skill level 3 in Armour
  1986 | D:4      | Reached skill level 2 in Invocations
  1986 | D:4      | Reached XP level 6. HP: 33/44 MP: 8/13
  1998 | D:4      | Learned a level 3 spell: Stone Arrow
  2400 | D:4      | Found an iron altar of Okawaru.
  2448 | D:4      | Reached skill level 5 in Bows
  2543 | D:4      | Reached skill level 2 in Fighting
  2543 | D:4      | Reached skill level 2 in Short Blades
  2543 | D:4      | Reached skill level 2 in Long Blades
  2543 | D:4      | Reached skill level 2 in Axes
  2543 | D:4      | Reached skill level 2 in Maces & Flails
  2543 | D:4      | Reached skill level 2 in Polearms
  2543 | D:4      | Reached skill level 2 in Staves
  2543 | D:4      | Reached skill level 2 in Slings
  2543 | D:4      | Reached skill level 2 in Crossbows
  2543 | D:4      | Reached skill level 2 in Dodging
  2543 | D:4      | Reached skill level 2 in Stealth
  2543 | D:4      | Reached skill level 2 in Shields
  2543 | D:4      | Reached skill level 2 in Unarmed Combat
  2543 | D:4      | Reached skill level 2 in Evocations
  2858 | D:5      | Noticed an orc warrior
  2867 | D:5      | Killed an orc warrior
  2868 | D:5      | Reached XP level 7. HP: 41/50 MP: 2/15
  3008 | D:5      | Noticed Ijyb
  3010 | D:5      | Reached skill level 2 in Conjurations
  3010 | D:5      | Reached skill level 2 in Hexes
  3010 | D:5      | Reached skill level 2 in Summonings
  3010 | D:5      | Reached skill level 2 in Necromancy
  3010 | D:5      | Reached skill level 2 in Translocations
  3010 | D:5      | Reached skill level 2 in Transmutations
  3010 | D:5      | Reached skill level 2 in Fire Magic
  3010 | D:5      | Reached skill level 2 in Ice Magic
  3010 | D:5      | Reached skill level 2 in Air Magic
  3010 | D:5      | Reached skill level 2 in Poison Magic
  3137 | D:5      | Paralysed by Ijyb for 6 turns
  3145 | D:5      | Killed Ijyb
  3320 | D:5      | Found a sacrificial altar of Ru.
  3350 | D:5      | Found a white marble altar of Elyvilon.
  3429 | D:5      | Found an ornate altar of the Wu Jian Council.
  3475 | D:5      | Noticed Prince Ribbit
  3489 | D:5      | Killed Prince Ribbit
  3490 | D:5      | Reached skill level 3 in Invocations
  3502 | D:5      | Reached skill level 4 in Throwing
  3502 | D:5      | Reached skill level 4 in Armour
  3502 | D:5      | Reached XP level 8. HP: 23/57 MP: 2/16
  3715 | D:5      | Found a glowing golden altar of the Shining One.
  3741 | D:5      | Reached skill level 3 in Fighting
  3741 | D:5      | Reached skill level 3 in Short Blades
  3741 | D:5      | Reached skill level 3 in Long Blades
  3741 | D:5      | Reached skill level 3 in Axes
  3741 | D:5      | Reached skill level 3 in Maces & Flails
  3741 | D:5      | Reached skill level 3 in Polearms
  3741 | D:5      | Reached skill level 3 in Staves
  3741 | D:5      | Reached skill level 3 in Slings
  3741 | D:5      | Reached skill level 3 in Crossbows
  3741 | D:5      | Reached skill level 3 in Dodging
  3741 | D:5      | Reached skill level 3 in Stealth
  3741 | D:5      | Reached skill level 3 in Shields
  3741 | D:5      | Reached skill level 3 in Unarmed Combat
  3741 | D:5      | Reached skill level 3 in Evocations
  3956 | D:5      | Reached skill level 6 in Spellcasting
  4016 | D:5      | Found a staircase to the Ecumenical Temple.
  4028 | D:5      | Identified the +3 trident of Watchfulness {drain, rC+ Will+
                  | SInv Stlth+}
  4297 | Temple   | Entered the Ecumenical Temple
  4303 | Temple   | Became a worshipper of Cheibriados the Contemplative
  4705 | D:6      | HP: 20/87 [orc warrior/+0 flail (13)]
  5019 | D:6      | Reached skill level 4 in Invocations
  5020 | D:6      | Reached skill level 3 in Conjurations
  5020 | D:6      | Reached skill level 3 in Hexes
  5020 | D:6      | Reached skill level 3 in Summonings
  5020 | D:6      | Reached skill level 3 in Necromancy
  5020 | D:6      | Reached skill level 3 in Translocations
  5020 | D:6      | Reached skill level 3 in Transmutations
  5020 | D:6      | Reached skill level 3 in Fire Magic
  5020 | D:6      | Reached skill level 3 in Ice Magic
  5020 | D:6      | Reached skill level 3 in Air Magic
  5020 | D:6      | Reached skill level 3 in Poison Magic
  5091 | D:6      | Reached skill level 6 in Bows
  5139 | D:6      | Reached * piety under Cheibriados
  5283 | D:6      | Reached XP level 9. HP: 47/65 MP: 18/18
  5771 | D:6      | Reached skill level 4 in Fighting
  5771 | D:6      | Reached skill level 4 in Short Blades
  5771 | D:6      | Reached skill level 4 in Long Blades
  5771 | D:6      | Reached skill level 4 in Axes
  5771 | D:6      | Reached skill level 4 in Maces & Flails
  5771 | D:6      | Reached skill level 4 in Polearms
  5771 | D:6      | Reached skill level 4 in Staves
  5771 | D:6      | Reached skill level 4 in Slings
  5771 | D:6      | Reached skill level 4 in Crossbows
  5771 | D:6      | Reached skill level 4 in Dodging
  5771 | D:6      | Reached skill level 4 in Stealth
  5771 | D:6      | Reached skill level 4 in Shields
  5771 | D:6      | Reached skill level 4 in Unarmed Combat
  5771 | D:6      | Reached skill level 4 in Evocations
  5818 | D:6      | Found a runed translucent door.
  5818 | D:6      | Found a shimmering altar of Xom.
  5818 | D:6      | Noticed NateTC's ghost (novice DECj)
  5819 | D:6      | Noticed a +1 flail of chaos
  5894 | D:7      | Noticed Pikel
  5912 | D:7      | Noticed Menkaure
  5913 | D:7      | HP: 24/97 [lemure[Pikel] (5)]
  5914 | D:7      | HP: 11/97 [lemure[Pikel] (2)]
  5915 | D:7      | Killed Pikel
  5916 | D:7      | Reached skill level 5 in Throwing
  5916 | D:7      | Reached skill level 5 in Armour
  5916 | D:7      | Reached skill level 8 in Earth Magic
  6270 | D:6      | Killed Menkaure
  6464 | D:7      | Reached ** piety under Cheibriados
  6636 | D:7      | Reached skill level 5 in Invocations
  6811 | D:7      | Reached skill level 7 in Spellcasting
  7005 | D:7      | Reached skill level 4 in Conjurations
  7005 | D:7      | Reached skill level 4 in Hexes
  7005 | D:7      | Reached skill level 4 in Summonings
  7005 | D:7      | Reached skill level 4 in Necromancy
  7005 | D:7      | Reached skill level 4 in Translocations
  7005 | D:7      | Reached skill level 4 in Transmutations
  7005 | D:7      | Reached skill level 4 in Fire Magic
  7005 | D:7      | Reached skill level 4 in Ice Magic
  7005 | D:7      | Reached skill level 4 in Air Magic
  7005 | D:7      | Reached skill level 4 in Poison Magic
  7005 | D:7      | Reached XP level 10. HP: 41/73 MP: 20/20
  7413 | D:7      | Reached skill level 5 in Fighting
  7413 | D:7      | Reached skill level 5 in Short Blades
  7413 | D:7      | Reached skill level 5 in Long Blades
  7413 | D:7      | Reached skill level 5 in Axes
  7413 | D:7      | Reached skill level 5 in Maces & Flails
  7413 | D:7      | Reached skill level 5 in Polearms
  7413 | D:7      | Reached skill level 5 in Staves
  7413 | D:7      | Reached skill level 5 in Slings
  7413 | D:7      | Reached skill level 5 in Crossbows
  7413 | D:7      | Reached skill level 5 in Dodging
  7413 | D:7      | Reached skill level 5 in Stealth
  7413 | D:7      | Reached skill level 5 in Shields
  7413 | D:7      | Reached skill level 5 in Unarmed Combat
  7413 | D:7      | Reached skill level 5 in Evocations
  7438 | D:7      | HP: 15/65 [wight/+1 mace of freezing (2)]
  7443 | D:7      | HP: 11/65 [wight/+1 mace of freezing (5)]
  7444 | D:7      | Reached *** piety under Cheibriados
  7893 | D:8      | Found Qecaeg's Jewellery Shoppe.
  7895 | D:8      | Found a staircase to the Lair.
  7977 | D:8      | You pick up a book of Dreams and begin reading...
  7977 | D:8      | You add the spells Ensorcelled Hibernation, Spider Form and
                  | Anguish to your library.
  8188 | D:8      | Found a shimmering altar of Xom.
  8303 | D:8      | Reached skill level 7 in Bows
  8855 | D:8      | Identified a scroll of acquirement
  8863 | D:8      | Acquired 972 gold pieces
  8906 | D:8      | HP: 18/74 [poisoned by a killer bee]
  8911 | D:8      | HP: 13/74 [poisoned by a killer bee]
  8916 | D:8      | HP: 11/74 [poisoned by a killer bee]
  9205 | D:9      | Noticed a centaur warrior
  9851 | D:8      | HP: 18/74 [centaur warrior (4)]
  9855 | D:8      | Killed a centaur warrior
  9856 | D:8      | Reached skill level 6 in Throwing
  9856 | D:8      | Reached skill level 6 in Armour
 10158 | Lair:1   | Entered Level 1 of the Lair of Beasts
 10175 | Lair:1   | Reached skill level 6 in Invocations
 10256 | D:8      | Bought a +6 ring of intelligence for 819 gold pieces
 10458 | Lair:1   | Reached **** piety under Cheibriados
 10673 | Lair:1   | Noticed a black mamba
 10676 | Lair:1   | Reached XP level 11. HP: 81/81 MP: 10/22
 10690 | Lair:1   | HP: 18/81 [poisoned by a black mamba]
 10692 | Lair:1   | magus.rc [v1.9.6]
 10692 | Lair:1   | Quit the game

Vanquished Creatures
  Pikel (D:7)
  A hornet (D:8)
  A polar bear (Lair:1)
  Prince Ribbit (D:5)
  3 blink frogs (Lair:1)
  Menkaure (D:6)
  4 water moccasins
  2 sky beasts
  3 orc warriors
  A black bear (Lair:1)
  4 centaurs
  3 ogres
  5 wolves (Lair:1)
  4 bullfrogs
  3 kobold brigands
  A necrophage (D:7)
  A scorpion (D:6)
  5 wights (D:7)
  5 killer bees (D:8)
  2 howler monkeys
  6 hounds
  4 jellies
  7 orc priests
  2 iguanas
  Ijyb (D:5)
  18 orc wizards
  4 gnolls (D:3)
  4 adders
  2 shadow imps
  An ufetubus (D:7)
  3 worms
  2 dart slugs (D:1)
  25 orcs
  3 ball pythons
  7 endoplasms
  6 giant cockroaches
  5 goblins
  6 jackals
  2 quokkas
  5 bats
  A frilled lizard (D:2)
  20 kobolds
  6 rats
191 creatures vanquished.

Vanquished Creatures (collateral kills)
  A centaur warrior (D:8)
  A kobold (D:8)
2 creatures vanquished.

Vanquished Creatures (others)
  4 fungi (Lair:1)
  2 plants (Lair:1)
6 creatures vanquished.

Grand Total: 199 creatures vanquished

Table legend:
 A = Non-vault XP
 B = Vault XP
 C = Vault XP percentage of total XP
 D = Non-vault monster count
 E = Vault monster count
 F = Vault count percentage of total count
                 A         B        C        D         E       F
            +---------+---------+-------+---------+---------+-------
      Total |    7973 |    1499 |  15.8 |     177 |      16 |   8.3
            +---------+---------+-------+---------+---------+-------
        D:1 |      29 |       1 |   3.3 |      15 |       1 |   6.2
        D:2 |      67 |       0 |   0.0 |      17 |       0 |   0.0
        D:3 |      70 |       0 |   0.0 |      11 |       0 |   0.0
        D:4 |     332 |       0 |   0.0 |      13 |       0 |   0.0
        D:5 |     755 |     295 |  28.1 |      17 |       2 |  10.5
        D:6 |    1246 |     185 |  12.9 |      31 |       7 |  18.4
        D:7 |    1390 |    1018 |  42.3 |      31 |       6 |  16.2
        D:8 |    1828 |       0 |   0.0 |      26 |       0 |   0.0
        D:9 |     171 |       0 |   0.0 |       3 |       0 |   0.0
     Lair:1 |    2085 |       0 |   0.0 |      13 |       0 |   0.0
            +---------+---------+-------+---------+---------+-------

Illustrated notes

Table legend:
 A = Kills in this place as a percentage of kills in entire the game.
 B = Kills by you in this place as a percentage of kills by you in the entire game.
 C = Kills by friends in this place as a percentage of kills by friends in the entire game.
 D = Other kills in this place as a percentage of other kills in the entire game.
 E = Experience gained in this place as a percentage of experience gained in the entire game.
 F = Experience gained in this place divided by the number of levels of this place that you have seen.
                   A       B       C       D       E      F
               +-------+-------+-------+-------+-------+----------------------
         Total | 100.0 | 100.0 | 100.0 |   N/A | 100.0 | 861.1
       Dungeon |  93.3 |  93.2 | 100.0 |   N/A |  78.0 | 820.8
          Lair |   6.7 |   6.8 |   0.0 |   N/A |  22.0 | 2085.0
               +-------+-------+-------+-------+-------+----------------------

Table legend: (Time is in decaauts)
 A = Elapsed time spent in this place.
 B = Non-inter-level travel time spent in this place.
 C = Inter-level travel time spent in this place.
 D = Time resting spent in this place.
 E = Time spent auto-exploring this place.
 F = Levels seen in this place.
 G = Mean time per level.
                   A        B        C        D        E       F      G
               +--------+--------+--------+--------+--------+-----+--------+
         Total |  12059 |  11502 |    557 |   2467 |   7667 |  11 | 1096.3 |
       Dungeon |  11504 |  10969 |    535 |   2466 |   7224 |   9 | 1278.2 |
        Temple |     12 |      6 |      6 |      0 |      0 |   1 |   12.0 |
          Lair |    541 |    526 |     15 |      1 |    442 |   1 |  541.0 |
               +--------+--------+--------+--------+--------+-----+--------+

Top non-repeatable levels by time:
     D:8: 2905 daAuts
     D:6: 2375 daAuts
     D:7: 1802 daAuts
     D:5: 1412 daAuts
     D:4: 1129 daAuts
     D:1: 928 daAuts
     D:2: 685 daAuts
  Lair:1: 541 daAuts
     D:3: 201 daAuts
     D:9: 63 daAuts
  Temple: 12 daAuts
